 Dungeon Crawl Stone Soup version 0.29.1-4-g47bece8355 (webtiles) character file.

Game seed: 10095918674080977467

7 fishmans the Trooper (level 2, 19/19 HPs)
             Began as a Gargoyle Fighter on Dec 8, 2022.
             Quit the game on level 1 of the Dungeon.
             The game lasted 00:01:23 (126 turns).

fishmans the Trooper (Gargoyle Fighter)              Turns: 126, Time: 00:01:24

Health: 19/19      AC:  9    Str: 19    XL:     2   Next: 4%
Magic:  2/2        EV:  9    Int:  8    God:
Gold:   23         SH:  4    Dex:  9    Spells: 1/1 levels left

rFire   . . .      SeeInvis .   a - +0 flail
rCold   . . .      Faith    .   c - +0 buckler
rNeg    + . .      Spirit   .   b - +0 scale mail
rPois   ∞          Reflect  .   (no helmet)
rElec   +          Harm     .   (no cloak)
rCorr   .          Rampage  .   (no gloves)
Will    .....                   (no boots)
Stlth   ..........              (no amulet)
HPRegen 0.06/turn               (no ring)
MPRegen 0.08/turn               (no ring)

@: no status effects
A: sickness immunity, AC +2, negative energy resistance 1, electricity
resistance, torment resistance 1, petrification resistance
a: no special abilities


You were on level 1 of the Dungeon.
You visited 1 branch of the dungeon, and saw 1 of its levels.

You collected 23 gold pieces.

Inventory:

Hand Weapons
 a - a +0 flail (weapon)
Missiles
 f - a stone (quivered)
Armour
 b - a +0 scale mail (worn)
 c - a +0 buckler (worn)
Scrolls
 e - a scroll of identify {unknown}
Potions
 d - a potion of might


   Skills:
 - Level 3.4 Fighting
 + Level 2.2 Maces & Flails
 - Level 3.4 Armour
 - Level 3.4 Shields


You had one spell level left.
You didn't know any spells.
Your spell library was empty.

Dungeon Overview and Level Annotations

Branches:
Dungeon (1/15)

Altars:


Innate Abilities, Weirdness & Mutations

You are immune to sickness and miasma.
Your stone body is resilient. (AC +2)
You are immune to poison.
You resist negative energy. (rN+)
You are resistant to electric shocks. (rElec)
You are resistant to unholy torment.
You are immune to petrification.


Message History

f - a stone You now have 11 gold pieces.
You now have 23 gold pieces (gained 12).
Found a whip.
A quokka comes into view.
Found 6 large rocks.
You see here a +0 whip.
A quokka is nearby!
Unknown command.
You sock the quokka!
You kill the quokka!
No target in view!
No target in view!
You see here a quokka corpse.
You see here 6 large rocks.
A bat comes into view.
The bat barely misses you. The bat barely misses you.
You hit the bat.
You kill the bat!
You have reached level 2!
You see here 6 large rocks.
You see here a bat corpse.
A kobold comes into view. It is wielding a +0 short sword.
The kobold throws a stone.
You block the stone.
The kobold throws a stone.
The stone hits you but does no damage.
The kobold throws a stone.
The stone hits you but does no damage.
You start waiting.
A kobold is nearby!
The kobold hits you with a +0 short sword.
You closely miss the kobold. The kobold hits you but does no damage.
You hit the kobold but do no damage. The kobold barely misses you.
You closely miss the kobold. The kobold closely misses you.
The kobold hits you but does no damage.
You closely miss the kobold. The kobold barely misses you.
You hit the kobold.
You kill the kobold!
No target in view!
No target in view!
Are you sure you want to abandon this character and quit the game? (Confirm with "yes".)

.......##..8.<.8..##....#
.###... ##...8...###....#
#... ######### #....#
#..# ##...# .## ####.#
### #.##.# #.######
#.)..# #....).# #†####
.......###@##### #(#
....... #.....#####.#
....... #####....##.#
....... ####..†.# .......
###### ....... #######


There were no monsters in sight!

Vanquished Creatures
  A dart slug (D:1)
  A bat (D:1)
  A hobgoblin (D:1)
  A quokka (D:1)
  A kobold (D:1)
5 creatures vanquished.

Notes
Turn   | Place    | Note
-------+----------+-------------------------------------------
     0 | D:1      | fishmans the Gargoyle Fighter began the quest for the Orb.
     0 | D:1      | Reached XP level 1. HP: 14/14 MP: 1/1
    88 | D:1      | Reached XP level 2. HP: 19/19 MP: 2/2
   126 | D:1      | Quit the game

Illustrated notes

Levels and vault maps discovered:
D:1:      erik_arrival_orb_chamber, layout_rooms, serial_shops, shop,
          dreamdust_ecumenical_altar_statues, kennysheep_small_spiral

Action                   || total
-------------------------++-------
Melee: Flail             ||    12
Armor: Scale mail        ||     5
Dodge: Dodged            ||     7
Block: Buckler           ||     2
